 Dungeon Crawl Stone Soup version 0.23-a0-622-g59b4ea9 (webtiles) character file.

126 Leeroy the Charmwright (level 5, 0/43 HPs)
             Began as a Gnoll Skald on Dec 23, 2018.
             Was a Follower of Fedhas.
             Slain by Sigmund
             ... wielding a +0 scythe
              (5 damage)
             ... on level 3 of the Dungeon.
             The game lasted 00:05:31 (1616 turns).

Leeroy the Charmwright (Gnoll Skald)                Turns: 1616, Time: 00:05:32

Health: 0/43       AC:  5    Str: 14    XL:     5   Next: 9%
Magic:  8/12       EV: 13    Int: 16    God:    Fedhas [*.....]
Gold:   170        SH:  0    Dex: 14    Spells: 3/14 levels left

rFire    . . .     SeeInvis .   a - +0 falchion
rCold    . . .     Gourm    .   (no shield)
rNeg     . . .     Faith    .   t - +0 ring mail
rPois    .         Spirit   .   (no helmet)
rElec    .         Reflect  .   (no cloak)
rCorr    .         Harm     .   (no gloves)
MR       .....                  (no boots)
Stlth    +.........             (no amulet)
HPRegen  0.14/turn              (no ring)
MPRegen  0.13/turn              (no ring)

@: very slightly contaminated
A: distributed training, fangs 1, strong nose
a: Fungal Bloom, Sunlight, Renounce Religion


You were on level 3 of the Dungeon.
You worshipped Fedhas.
Fedhas was aware of your devotion.
You were not hungry.

You visited 1 branch of the dungeon, and saw 3 of its levels.

You collected 170 gold pieces.

Inventory:

Hand Weapons
 a - a +0 falchion (weapon)
 e - a +0 short sword
 h - a +0 dagger
 r - a +0 hunting sling
Missiles
 f - 103 stones (quivered)
 j - 21 sling bullets
 n - 12 arrows
Armour
 b - a +0 leather armour
 t - a +0 ring mail (worn)
Jewellery
 i - an uncursed ring of protection from magic {unknown}
 k - a +2 ring of strength {unknown}
Scrolls
 g - a scroll of teleportation {unknown}
 l - a scroll of random uselessness {unknown}
 m - a scroll of enchant armour {unknown}
 o - 2 scrolls of blinking {unknown}
 p - a scroll of identify {unknown}
 s - a scroll of magic mapping {unknown}
Potions
 c - a potion of brilliance {unknown}
 q - a potion of degeneration {unknown}
 u - a potion of might {unknown}
 w - a potion of agility
 x - a potion of mutation {unknown}
 z - a potion of cancellation {unknown}
Comestibles
 d - 5 rations


   Skills:
 + Level 4.7 Fighting
 + Level 1.3 Short Blades
 + Level 4.7 Long Blades
 + Level 1.3 Axes
 + Level 1.3 Maces & Flails
 + Level 1.3 Polearms
 + Level 1.3 Staves
 + Level 1.3 Slings
 + Level 1.3 Bows
 + Level 1.3 Crossbows
 + Level 1.3 Throwing
 + Level 2.8 Armour
 + Level 4.7 Dodging
 + Level 1.3 Stealth
 + Level 1.3 Shields
 + Level 1.3 Unarmed Combat
 + Level 5.1 Spellcasting
 + Level 1.0 Conjurations
 + Level 1.0 Hexes
 + Level 5.5 Charms
 + Level 1.0 Summonings
 + Level 1.0 Necromancy
 + Level 1.0 Translocations
 + Level 1.0 Transmutations
 + Level 1.0 Fire Magic
 + Level 1.0 Ice Magic
 + Level 1.0 Air Magic
 + Level 1.0 Earth Magic
 + Level 1.0 Poison Magic
 + Level 1.4 Invocations
 + Level 1.3 Evocations


You had 3 spell levels left.
You knew the following spells:

 Your Spells              Type           Power        Failure   Level  Hunger
a - Infusion              Chrm           ###.         3%          1    None
b - Shroud of Golubria    Chrm/Tloc      ##........   12%         2    #......
c - Regeneration          Chrm/Necr      ##........   22%         3    ###....
d - Spectral Weapon       Hex/Chrm       ##......     22%         3    ###....
e - Song of Slaying       Chrm           ###.....     4%          2    #......

Your spell library contained the following spells:

 Spells                   Type           Power        Failure   Level  Hunger


Dungeon Overview and Level Annotations

Branches:
Dungeon (3/15)

Altars:
Fedhas

Annotations:
D:3 Sigmund


Innate Abilities, Weirdness & Mutations

Your experience applies equally to all skills.
You have very sharp teeth.
Your uncanny sense of smell can sniff out nearby items.


Message History

You kill the goblin!
The goblin closely misses you.
You hit something. Something completely misses you.
The goblin hits you but does no damage.
You miss something. Something hits you! The goblin hits you with a +0 club.
An orc comes into view. It is wielding a +0 hand axe.
You barely miss something. The goblin hits you but does no damage.
Something hits you.
* * * LOW HITPOINT WARNING * * *
Unknown command.
You barely miss the goblin.
The goblin is severely wounded.
Your spectral weapon hits the goblin.
You kill the goblin!
A jackal comes into view.
You closely miss something. Your bite misses something. Something hits you!
* * * LOW HITPOINT WARNING * * *
You barely miss something. Something hits you.
You die...
Fedhas appreciates your contribution to the ecosystem.

##########
#>.......#
#........#
#........#
#....({.>#
#....)@..#
#....†.<.#
∆
#.....h..#
#.o......#
#.#####.##
.. #.. .
### ∆


You could see an orc, a jackal and a friendly spectral +0 falchion.

Vanquished Creatures
  4 adders (D:2)
  An ooze (D:1)
  4 worms (D:2)
  4 dart slugs
  A leopard gecko (D:2)
  3 giant cockroaches
  9 goblins
  3 hobgoblins (D:1)
  7 jackals
  4 kobolds
  A ball python (D:1)
  8 bats
  7 frilled lizards
  8 rats
64 creatures vanquished.

Notes
Turn   | Place    | Note
-------+----------+-------------------------------------------
     0 | D:1      | Leeroy the Gnoll Skald began the quest for the Orb.
     0 | D:1      | Reached XP level 1. HP: 20/20 MP: 6/6
   123 | D:1      | Reached XP level 2. HP: 24/26 MP: 7/7
   133 | D:1      | Learned a level 2 spell: Shroud of Golubria
   282 | D:1      | Reached XP level 3. HP: 13/31 MP: 9/9
   287 | D:1      | Learned a level 3 spell: Regeneration
   291 | D:1      | Learned a level 3 spell: Spectral Weapon
   294 | D:1      | Learned a level 2 spell: Song of Slaying
   337 | D:1      | Reached skill level 5 in Spellcasting
   651 | D:2      | Reached skill level 1 in Invocations
   699 | D:2      | Reached skill level 1 in Short Blades
   699 | D:2      | Reached skill level 1 in Axes
   699 | D:2      | Reached skill level 1 in Maces & Flails
   699 | D:2      | Reached skill level 1 in Polearms
   699 | D:2      | Reached skill level 1 in Staves
   699 | D:2      | Reached skill level 1 in Slings
   699 | D:2      | Reached skill level 1 in Bows
   699 | D:2      | Reached skill level 1 in Crossbows
   699 | D:2      | Reached skill level 1 in Throwing
   699 | D:2      | Reached skill level 1 in Stealth
   699 | D:2      | Reached skill level 1 in Shields
   699 | D:2      | Reached skill level 1 in Unarmed Combat
   699 | D:2      | Reached skill level 1 in Evocations
   699 | D:2      | Reached XP level 4. HP: 20/38 MP: 11/11
   784 | D:2      | Found a faded altar of an unknown god.
   807 | D:2      | Became a worshipper of Fedhas Madash
   807 | D:2      | Reached * piety under Fedhas
   931 | D:2      | HP: 1/38 [worm (6)]
  1182 | D:2      | Reached skill level 1 in Conjurations
  1182 | D:2      | Reached skill level 1 in Hexes
  1182 | D:2      | Reached skill level 1 in Summonings
  1182 | D:2      | Reached skill level 1 in Necromancy
  1182 | D:2      | Reached skill level 1 in Translocations
  1182 | D:2      | Reached skill level 1 in Transmutations
  1182 | D:2      | Reached skill level 1 in Fire Magic
  1182 | D:2      | Reached skill level 1 in Ice Magic
  1182 | D:2      | Reached skill level 1 in Air Magic
  1182 | D:2      | Reached skill level 1 in Earth Magic
  1182 | D:2      | Reached skill level 1 in Poison Magic
  1483 | D:2      | Reached XP level 5. HP: 38/43 MP: 12/12
  1600 | D:3      | Noticed Sigmund
  1616 | D:3      | Slain by Sigmund

Vault maps used:
D:1:      lemuel_arrival_broad_hall
D:2:      chequers_ecumenical_altar_island, minmay_misc_feat_rugged,
          kennysheep_cross_room, corexii_hall_statues_x, minmay_pentomino_x4
D:3:      first_ration, uniq_sigmund

Skill      XL: |  1  2  3  4 |
---------------+-------------+-----
Spellcasting   | 5 |  5.1
Invocations    | 1 |  1.4
Short Blades   | 1 |  1.3
Axes           | 1 |  1.3
Maces & Flails | 1 |  1.3
Polearms       | 1 |  1.3
Staves         | 1 |  1.3
Slings         | 1 |  1.3
Bows           | 1 |  1.3
Crossbows      | 1 |  1.3
Throwing       | 1 |  1.3
Stealth        | 1 |  1.3
Shields        | 1 |  1.3
Unarmed Combat | 1 |  1.3
Evocations     | 1 |  1.3
Conjurations   | 1 |  1.0
Hexes          | 1 |  1.0
Summonings     | 1 |  1.0
Necromancy     | 1 |  1.0
Translocations | 1 |  1.0
Transmutations | 1 |  1.0
Fire Magic     | 1 |  1.0
Ice Magic      | 1 |  1.0
Air Magic      | 1 |  1.0
Earth Magic    | 1 |  1.0
Poison Magic   | 1 |  1.0
Fighting       | |  4.7
Long Blades    | |  4.7
Armour         | |  2.8
Dodging        | |  4.7
Charms         | |  5.5

Action                   |  1- 3 |  4- 6 || total
-------------------------+-------+-------++-------
Melee: Falchion          |   102 |    82 ||   184
       Bite              |    10 |     8 ||    18
       Punch             |       |     2 ||     2
Throw: Stone             |       |     4 ||     4
 Cast: Spectral Weapon   |       |     2 ||     2
       Regeneration      |       |     1 ||     1
 Stab: Sleeping          |     1 |       ||     1
  Eat: Chunk             |       |     3 ||     3
Armor: Leather armour    |    18 |     1 ||    19
       Ring mail         |       |    13 ||    13
Dodge: Dodged            |   119 |    53 ||   172
       Rpst.: Falchion   |    38 |    21 ||    59

Table legend:
 A = Non-vault XP
 B = Vault XP
 C = Vault XP percentage of total XP
 D = Non-vault monster count
 E = Vault monster count
 F = Vault count percentage of total count
                 A         B        C        D         E       F
            +---------+---------+-------+---------+---------+-------
      Total |     170 |      10 |   5.6 |      61 |       3 |   4.7
            +---------+---------+-------+---------+---------+-------
        D:1 |      51 |       0 |   0.0 |      28 |       0 |   0.0
        D:2 |     115 |      10 |   8.0 |      31 |       3 |   8.8
        D:3 |       4 |       0 |   0.0 |       2 |       0 |   0.0
            +---------+---------+-------+---------+---------+-------
